[Event "*** MasterClass Titled Tuesday Blitz"]
[Site "Chess.com"]
[Date "2017.10.03"]
[Round "6"]
[White "MITerryble"]
[Black "bancsoo"]
[Result "1/2-1/2"]
[WhiteElo "2628"]
[BlackElo "2565"]
[TimeControl "180+2"]
[EndTime "14:25:31 PDT"]
[Termination "Game drawn by repetition"]

1. d4 d5 2. Nf3 Nf6 3. c4 c6 4. e3 Bf5 5. Nc3 e6 6. Nh4 Bg6 7. Qb3 Qc7 8. Bd2 Nbd7 9. Nxg6 hxg6 10. g3 Be7 11. Rc1 Nb6 12. cxd5 exd5 13. Be2 Qd7 14. f3 g5 15. g4 Qc7 16. f4 gxf4 17. exf4 Qd7 18. h3 Bd6 19. Kf2 Kf8 20. g5 Ne4+ 21. Nxe4 dxe4 22. Bg4 Qc7 23. f5 Nd5 24. Kg2 Re8 25. Rhe1 Bf4 26. Bb4+ Kg8 27. Rc2 Qd8 28. g6 Bb8 29. Rce2 e3 30. Rxe3 Rxe3 31. Rxe3 Nxe3+ 32. Qxe3 Rh6 33. Kg1 fxg6 34. Qe6+ Kh8 35. fxg6 Qg8 36.
Qf7 Bg3 37. Be7 Bh4 38. Bd6 Bf6 39. Be5 Bxe5 40. dxe5 Qd8 41. e6 Qd4+ 42. Kg2 Qe4+ 43. Kg3 Qe3+ 44. Qf3 Qe5+ 45. Qf4 Qe1+ 46. Qf2 Qe5+ 47.
Qf4 Qe1+ 48. Kg2 Rxg6 49. Qf8+ Kh7 50. e7 Qe4+ 51. Kg3 Qe5+ 52. Kg2 Qe4+ 53. Kg3 Qe1+ 54. Kg2 Qe4+ 55. Kg3 Qe5+ 56. Kg2 Qe4+ 57. Kg3 Qe3+ 58. Kg2 Qe4+ 1/2-1/2

[Event "*** MasterClass Titled Tuesday Blitz"]
[Site "Chess.com"]
[Date "2017.10.03"]
[Round "6"]
[White "Sethu0025"]
[Black "mazetofonias"]
[Result "1-0"]
[WhiteElo "2640"]
[BlackElo "2486"]
[TimeControl "180+2"]
[EndTime "14:25:31 PDT"]
[Termination "Sethu0025 won by resignation"]

1. e4 c5 2. Nf3 d6 3. d4 cxd4 4. Nxd4 Nf6 5. Nc3 a6 6. h3 Nc6 7. g4 Qb6 8. Nb3 e6 9. Bf4 Qc7 10. Qd2 b5 11. a3 Bb7 12. O-O-O Ne5 13. Qe3 Rc8 14. Bd3 Be7 15. Kb1 Nfd7 16. Bg3 Nb6 17. Nxb5 axb5 18. Bxb5+ Kf8 19. Bxe5 dxe5 20. Rd2 h6 21. h4 g6 22. f3 Kg7 23. Qe2 Rhd8 24. h5 g5 25. Rhd1 Rxd2 26. Rxd2 Bc6 27. Bxc6 Qxc6 28.
Rd3 Qb5 29. Ka2 Na4 30. Qd2 Rc7 31. Kb1 Qc4 32. Rd7 Nb6 33. Rxc7 Qxc7 34. Qd3 Nc4 35. Nd2 Nb6 36. b4 Qa7 37. c4 Na4 38. Kc2 Qg1 39. Kb3 Nb6 40. c5 Bxc5 41. bxc5 Qxc5 42.
Qc3 Qb5+ 43. Kc2 Na4 44. Qb4 Qc6+ 45. Qc4 Qd7 46. Nb3 Nb6 47. Qc5 Qa7 48. Qxe5+ Kg8 49. Qd4 Qa6 50. Qd3 Nc4 51. Kc3 Qxa3 52. Kxc4 Qa6+ 53.
Kc3 Qc6+ 54. Kd2 Qc7 55. Nd4 Qf4+ 56. Qe3 Qc7 57. Ne2 Qh2 58. Ke1 Qh1+ 59. Kd2 Qh2 60. Qd3 Qg2 61. Qc3 Qf2 62. e5 Kg7 63. Qe3 Qg2 64.
Qd3 Qf2 65. Qe4 Qg2 66. Ke3 Qf1 67. Qd4 Qg2 68. Qd8 Qf1 69. Qf6+ Kg8 1-0

[Event "*** MasterClass Titled Tuesday Blitz"]
[Site "Chess.com"]
[Date "2017.10.03"]
[Round "6"]
[White "r31415"]
[Black "Quiet_Desperation"]
[Result "1-0"]
[WhiteElo "2165"]
[BlackElo "2300"]
[TimeControl "180+2"]
[EndTime "14:25:35 PDT"]
[Termination "r31415 won on time"]

1. e4 Nc6 2. Nf3 d6 3. d4 Nf6 4. Nc3 d5 5. exd5 Nxd5 6. Nxd5 Qxd5 7. c4 Qd8 8. h3 e6 9. Be2 Bb4+ 10. Bd2 Be7 11.
Be3 O-O 12. O-O Bf6 13. Qd2 b6 14. Rfd1 Bb7 15. Rac1 a5 16. b3 Qe7 17. Bf4 Rfd8 18. Qe3 Qa3 19. Bxc7 Nxd4 20. Bxd8 Rxd8 21. Nxd4 Bxd4 22.
Qg5 f6 23. Qg4 f5 24. Qf4 Qc5 25. Rc2 Be4 26. Rcd2 e5 27. Qh4 Rd6 28. Qe7 Rg6 29.
Qe8+ Qf8 30. Qxf8+ Kxf8 31. Bf1 f4 32. Kh2 f3 33. g3 h5 34. Bd3 Bxd3 35. Rxd3 Rf6 36. R1d2 g5 37. Kg1 g4 38. h4 Kf7 39. Kf1 Kg6 40. a3 Kf5 41. b4 axb4 42. axb4 Ke4 43. Ra3 Rc6 44. Rc2 Rc8 45. Ke1 Kf5 46. Ra7 e4 47.
Rf7+ Bf6 48. Rb7 Bd4 49. c5 bxc5 50. Rb5 e3 51. fxe3 Bxe3 52. bxc5 Ke4 53. c6 f2+ 54. Ke2 Bd4 55. Rc4 Re8 56. Kf1 Kf3 57. Rb3+ Be3 58.
Rf4+ Kxg3 59. Rxf2 Kxh4 60. Re2 1-0

[Event "*** MasterClass Titled Tuesday Blitz"]
[Site "Chess.com"]
[Date "2017.10.03"]
[Round "6"]
[White "Abdodi"]
[Black "2L8IWUN"]
[Result "1-0"]
[WhiteElo "2141"]
[BlackElo "1803"]
[TimeControl "180+2"]
[EndTime "14:25:39 PDT"]
[Termination "Abdodi won on time"]

1. d4 Nf6 2. c4 e6 3. Nc3 d5 4. Nf3 dxc4 5. Bg5 Bb4 6. e3 b5 7. Nd2 a6 8. Qf3 c6 9. a4 Bb7 10. axb5 axb5 11. Rxa8 Bxa8 12. Nde4 Nbd7 13. Nxf6+ Nxf6 14. Bxf6 Qxf6 15. Qxf6 gxf6 16. Be2 Bxc3+ 17. bxc3 c5 18.
dxc5 Bxg2 19. Rg1 Bc6 20. Bh5 Be4 21. f3 Bg6 22. Bg4 h5 23. Bxe6 fxe6 24. Rxg6 Kf7 25. Rg2 Rc8 26. Rb2 Rxc5 27. Kf2 Rg5 28. h4 Rd5 29. e4 Rc5 30. f4 f5 31. Ke3 fxe4 32. Kxe4 Rd5 33. Rg2 Rd3 34. Rg5 Rxc3 35.
Rxb5 Rc1 36. Rxh5 c3 37. Rc5 c2 38. Kd3 Rh1 39. Rxc2 Rxh4 40. Ke4 Kf6 41. Rg2 Rh3 42. Rg8 Ra3 43. Rf8+ Ke7 44. Rh8 Ra4+ 45. Kf3 Kf6 46. Rh6+ Kf5 47. Rh5+ Kf6 48. Kg4 Re4 49. Rh6+ Kf7 50.
Kg5 Ra4 51. Rh7+ Ke8 52. Rb7 Ra6 53. Kf6 e5+ 54. Kxe5 Rc6 55. Kf5 Ra6 56. Kg5 Rc6 57. Rg7 Kf8 58. Rg6 Rc1 59. Ra6 Rg1+ 60. Kf6 Ke8 61.
f5 Rc1 62. Ra8+ Kd7 63. Ra2 1-0

[Event "*** MasterClass Titled Tuesday Blitz"]
[Site "Chess.com"]
[Date "2017.10.03"]
[Round "6"]
[White "Bryakin_Mikhail"]
[Black "Blitzstream"]
[Result "1-0"]
[WhiteElo "2505"]
[BlackElo "2490"]
[TimeControl "180+2"]
[EndTime "14:25:48 PDT"]
[Termination "Bryakin_Mikhail won by resignation"]

1. d4 Nf6 2. c4 d6 3. Nc3 e5 4.
Nf3 Nc6 5. e4 Bg4 6. d5 Ne7 7. Be2 Ng6 8. h3 Bxf3 9. Bxf3 Be7 10. g3 h5 11. h4 Qd7 12. Bg5 Ng4 13. Bxe7 Nxe7 14. Qe2 a6 15. O-O-O b5 16. Bxg4 hxg4 17. cxb5 axb5 18. Qxb5 Qxb5 19. Nxb5 Rxa2 20. Nxc7+ Kd7 21. Nb5 Rb8 22. Kb1 Ra4 23. Nc3 Rab4 24. Rd2 Nc8 25.
f3 Nb6 26. fxg4 Nc4 27. Rf2 Nxb2 28. Kc2 Ke7 29. Rhf1 f6 30. Rb1 Nc4 31. Rxb4 Rxb4 32. Kd3 Nb2+ 33. Kc2 Nc4 34. Kd3 Nb2+ 35. Kc2 Nc4 36. Rf3 Rb2+ 37. Kd3 Nb6 38. g5 fxg5 39. hxg5 Nd7 40. g6 Nf6 41. Kc4 Rh2 42. Kb5 Rh6 43.
Kc6 Rxg6 44. Re3 Ng4 45. Re1 Nf6 46. Ra1 Ne8 47. Ra7+ Kf6 48. Nb5 Kg5 49. Re7 Nf6 50. Nc3 Kg4 51. Re6 Kxg3 52. Kxd6 Kf4 53. Kc6 Rg3 54. Nb5 Nxe4 55. d6 Nxd6 56. Nxd6 g5 57. Rf6+ Ke3 58. Nf5+ Kf2 59. Nxg3+ Kxg3 60. Kd5 g4 61.
Kxe5 Kh2 62. Kf4 g3 63. Rh6+ Kg2 64. Rg6 Kh1 65. Rxg3 1-0

[Event "*** MasterClass Titled Tuesday Blitz"]
[Site "Chess.com"]
[Date "2017.10.03"]
[Round "6"]
[White "wonderfultime"]
[Black "jefferyx"]
[Result "0-1"]
[WhiteElo "2585"]
[BlackElo "2759"]
[TimeControl "180+2"]
[EndTime "14:26:00 PDT"]
[Termination "jefferyx won by resignation"]

1. d4 Nf6 2. Bf4 c5 3. c3 Qb6 4. Qc2 Nc6 5. e3 d6 6. Nd2 cxd4 7. exd4 g6 8. Ngf3 Bg7 9. Be2 O-O 10. O-O Bf5 11. Qb3 Qc7 12. h3 Rac8 13. Rfe1 Be6 14. Qa3 Rfe8 15. Bf1 Qa5 16. Qxa5 Nxa5 17. Bb5 Bd7 18.
Bd3 Nd5 19. Bg3 Bh6 20. Nb3 Nc4 21. Re2 Bf5 22. Bxc4 Rxc4 23. Bxd6 b6 24. Rd1 Rcc8 25. Bg3 f6 26. Nh2 Bd7 27. Ng4 Bg5 28. Ne3 Bb5 29. Ree1 Nxe3 30. fxe3 e5 31. dxe5 fxe5 32. Rd5 Bc4 33. Rxe5 Rxe5 34. Bxe5 Re8 35. Bd4 h5 36.
Nd2 Bd5 37. c4 Bc6 38. b3 Be7 39. Nf3 Bb4 40. Rf1 Be4 41. Ne5 Bf5 42. Nc6 Bc5 43.
Bxc5 bxc5 44. Re1 Be4 45. Na5 Rd8 46. Re2 Rd6 47. a3 Rd3 48. Kf2 Kf7 49. Rb2 Ke6 50. h4 Kd6 51. Ke2 Kc7 52. g3 Kb6 53. b4 Rxa3 54.
Nb3 cxb4 55. Nd2 Bd3+ 56. Kf3 a5 57. Kf4 Kc5 58. e4 Bxc4 59. e5 Bd5 60. Rb1 Rd3 61. Rc1+ Kd4 62. Nf1 Rf3+ 63. Kg5 Kxe5 64. Kxg6 b3 65.
Re1+ Be4+ 66. Kxh5 Rxf1 67. Rxf1 b2 68. Kh6 a4 69. Kg7 a3 70. g4 a2 71. g5 a1=Q 0-1

[Event "*** MasterClass Titled Tuesday Blitz"]
[Site "Chess.com"]
[Date "2017.10.03"]
[Round "6"]
[White "chessdjw"]
[Black "Hrant_ChessMood"]
[Result "0-1"]
[WhiteElo "2257"]
[BlackElo "2740"]
[TimeControl "180+2"]
[EndTime "14:26:06 PDT"]
[Termination "Hrant_ChessMood won by resignation"]

1. Nf3 g6 2. d4 Bg7 3. g3 d5 4. Bg2 Nd7 5. O-O Ngf6 6. c4 dxc4 7. Qc2 Nb6 8. Nbd2 O-O 9. e4 c6 10. Re1 Be6 11. a4 a5 12. h3 h6 13. Kh2 Qc7 14. Bf1 Qc8 15. Ne5 Rd8 16. Ndxc4 Nxc4 17. Nxc4 Nd7 18.
Be3 Bxc4 19. Bxc4 e6 20. Bb3 Nf6 21. Rad1 Rd7 22. Bc4 Qc7 23. Bf1 h5 24. Bg2 h4 25.
Bf4 hxg3+ 26. fxg3 Qb6 27. Be3 Qb4 28. Rf1 Nh5 29.
g4 Nf6 30. Qf2 Re8 31. e5 Nd5 32. Bg5 Qxa4 33. Qh4 Qb4 34. Rf2 c5 35. Bh6 Bxh6 36. Qxh6 cxd4 37. Rdf1 Qf8 38. Qg5 Ne3 39. Rg1 Nxg2 40.
Rgxg2 d3 41. Rf6 Red8 42. Rd2 Kh7 43. h4 Qh6 44. Kg3 Qxg5 45. hxg5 Kg7 46. Rf3 Rd5 47. Re3 b5 48. Kf3 a4 49. Ke4 Rd4+ 50. Kf3 b4 51. Re4 Rxe4 52. Kxe4 a3 53. bxa3 bxa3 54. Ke3 Rd5 55.
Kf2 Rxe5 56. Rxd3 Ra5 57. Rd1 Rxg5 58. Ra1 Ra5 59. Kg3 a2 60. Kh4 Ra3 61. Kg5 f6+ 62. Kf4 g5+ 63. Ke4 Kg6 64. Kd4 e5+ 65. Ke4 Ra4+ 66.
Kd5 Kf7 67. Kd6 e4 68. Kc6 e3 69. Kb5 Ra8 70. Kc4 e2 71. Kd3 Re8 72. Rxa2 Re3+ 73. Kxe3 e1=Q+ 74. Re2 Qg3+ 75. Kd4 Qxg4+ 76. Re4 Qxe4+ 77.
Kxe4 Ke6 0-1

[Event "*** MasterClass Titled Tuesday Blitz"]
[Site "Chess.com"]
[Date "2017.10.03"]
[Round "6"]
[White "MisaPap"]
[Black "ChessWarrior7197"]
[Result "1/2-1/2"]
[WhiteElo "2456"]
[BlackElo "2642"]
[TimeControl "180+2"]
[EndTime "14:26:13 PDT"]
[Termination "Game drawn by stalemate"]

1. e4 c5 2. c3 d5 3. exd5 Qxd5 4. d4 Nc6 5. Nf3 Bf5 6. Be3 cxd4 7. Nxd4 Nxd4 8. Qxd4 Qxd4 9. Bxd4 Nf6 10. Na3 a6 11. Nc4 e6 12. Be2 Be7 13. Bf3 Rc8 14. Nb6 Rc7 15. Be5 Rc5 16. Bd4 Rc7 17. O-O O-O 18. Be5 Rc5 19. Rfe1 Rb5 20. Na4 Nd7 21. Bg3 Nb6 22.
Nxb6 Rxb6 23. b3 Rc8 24. Rad1 Kf8 25. c4 Ke8 26. Be5 f6 27. Bf4 e5 28. Be3 Bc5 29. Bd5 Bxe3 30. Rxe3 Bd7 31. f4 Kf8 32. fxe5 Re8 33.
Rde1 fxe5 34. Rxe5 Rxe5 35. Rxe5 a5 36. Kf2 a4 37. Re3 axb3 38. Rxb3 Ra6 39. Rxb7 Rxa2+ 40. Kg3 Be8 41. c5 Rc2 42. Rc7 h6 43. Kf4 Bb5 44. c6 Rc5 45. Be4 g5+ 46. Ke3 Ke8 47. Kd4 Rc4+ 48. Kd5 Kd8 49. Rd7+ Kc8 50. Ke5 Rxe4+ 51. Kxe4 Bxc6+ 52. Rd5 Bxd5+ 53. Kxd5 Kd7 54. Ke5 Ke7 55. Kf5 Kf7 56. g4 Kg7 57. Ke6 Kg6 58. Ke7 Kg7 59.
h3 Kg6 60. Kf8 h5 61. Ke7 hxg4 62. hxg4 Kg7 63. Ke6 Kg6 64. Ke5 Kg7 65. Kf5 Kf7 66.
Kxg5 Kg7 67. Kf5 Kf7 68. g5 Kg7 69. g6 Kg8 70. Kg5 Kg7 71. Kh5 Kg8 72. Kh6 Kh8 73.
Kg5 Kg7 74. Kf5 Kg8 75. Kf6 Kf8 76. g7+ Kg8 77. Kg6 1/2-1/2

[Event "*** MasterClass Titled Tuesday Blitz"]
[Site "Chess.com"]
[Date "2017.10.03"]
[Round "6"]
[White "Hanging_pointer"]
[Black "Jungle_Jaguar"]
[Result "1-0"]
[WhiteElo "2362"]
[BlackElo "2387"]
[TimeControl "180+2"]
[EndTime "14:26:16 PDT"]
[Termination "Hanging_pointer won by checkmate"]

1. e4 e5 2. Nf3 Nf6 3. Nxe5 d6 4. Nf3 Nxe4 5. Nc3 Nxc3 6. dxc3 Be7 7. Bf4 O-O 8. Qd2 Nd7 9. O-O-O Nc5 10. Kb1 c6 11. h4 d5 12. Nd4 Ne4 13. Qe3 Re8 14. f3 Nd6 15. Qf2 Qb6 16. Be3 Qc7 17. g4 b5 18. h5 Nc4 19. Bc1 Qb6 20. g5 b4 21.
Bxc4 dxc4 22. cxb4 Bxb4 23. g6 Bc5 24. gxf7+ Kxf7 25. c3 Bf5+ 26. Ka1 Bd3 27. h6 g6 28. Qh4 Rad8 29. Qf4+ Kg8 30. Qf6 Bxd4 31. cxd4 Qxd4 32. Qxc6 Rc8 33. Qa4 Qf2 34. Bd2 Qc5 35.
Bc3 Qe7 36. Qa5 Qf7 37. Qg5 Re6 38. Qh4 Rd6 39. Qg3 Rd5 40. Rde1 Rcd8 41. Qh4 Bc2 42. Qf2 Ba4 43. Qe3 Qd7 44. Rc1 Rd1 45. Rhxd1 Qxd1 46. Qe6+ Kf8 47. Bb4+ Rd6 48. Qxd6+ Qxd6 49. Bxd6+ Kf7 50.
Be5 Bb5 51. b3 Ke6 52. bxc4 Bc6 53. Bg7 Kf5 54. Kb2 Bxf3 55. Kc3 g5 56. Kd4 g4 57. Ke3 Bc6 58. c5 g3 59. Rg1 g2 60. Kf2 Ke6 61.
Rxg2 Bxg2 62. Kxg2 Kd5 63. Bf8 a5 64. Kf3 a4 65. a3 Kc6 66. Ke4 Kb5 67. Kd5 Ka6 68. Kc6 Ka5 69. Kb7 Kb5 70. c6 Ka5 71. c7 Kb5 72. c8=Q Ka5 73. Qc5# 1-0

[Event "*** MasterClass Titled Tuesday Blitz"]
[Site "Chess.com"]
[Date "2017.10.03"]
[Round "6"]
[White "GrigorGrigorov"]
[Black "Gordima"]
[Result "1-0"]
[WhiteElo "2729"]
[BlackElo "2584"]
[TimeControl "180+2"]
[EndTime "14:26:23 PDT"]
[Termination "GrigorGrigorov won by resignation"]

1. d4 Nf6 2. c4 g6 3. Nc3 Bg7 4.
e4 d6 5. Be2 O-O 6. Be3 Na6 7.
Nf3 c6 8. O-O e5 9. Re1 Re8 10.
dxe5 Ng4 11. Bg5 Qb6 12. Bh4 dxe5 13. h3 Nf6 14. a3 Nc5 15. Bxf6 Bxf6 16. b4 Ne6 17. c5 Qc7 18. Bc4 Nd4 19. Nxd4 exd4 20. Nb1 b6 21. Nd2 Bg7 22. Nf3 bxc5 23. bxc5 Qa5 24. Qb3 Re7 25. Ng5 Qxc5 26. Nxf7 Kf8 27. e5 Bxe5 28. Nxe5 Rxe5 29. Qg3 Rxe1+ 30. Rxe1 Bf5 31.
Bb3 Re8 32. Rd1 d3 33. Qc7 Qe7 34. Qxc6 d2 35. Qc3 Qe1+ 36. Kh2 Qe5+ 37. Qxe5 Rxe5 38. Rxd2 Ra5 39. a4 Ke7 40. Rd4 Bd7 41. g4 h5 42. Kg3 hxg4 43. hxg4 g5 44. f4 gxf4+ 45. Kxf4 Rc5 46. Rb4 a5 47. Re4+ Kf6 48. Rd4 Ke7 49. Bd1 Rc8 50. g5 Rf8+ 51. Kg3 Rb8 52. Bg4 Bxg4 53.
Kxg4 Rb4 54. Rf4 Rb1 55. g6 Rg1+ 56. Kh5 Rh1+ 57. Kg5 Rg1+ 58. Kh6 Rh1+ 59. Kg7 Rh2 60. Kg8 Ke8 61. Re4+ Kd7 62. g7 Rh3 63. Kf7 Rf3+ 64. Kg6 Rg3+ 65. Kf6 Rg1 66. Re5 Rf1+ 67. Rf5 Rf4 1-0

[Event "*** MasterClass Titled Tuesday Blitz"]
[Site "Chess.com"]
[Date "2017.10.03"]
[Round "6"]
[White "ZapataCharlesS"]
[Black "GM_dmitrij"]
[Result "1-0"]
[WhiteElo "2580"]
[BlackElo "2648"]
[TimeControl "180+2"]
[EndTime "14:26:36 PDT"]
[Termination "ZapataCharlesS won by checkmate"]

1. e4 e5 2. Nf3 Nc6 3. Bb5 a6 4. Ba4 Nf6 5. O-O Be7 6. Bxc6 dxc6 7. d3 Nd7 8. Be3 O-O 9. Nbd2 f6 10. a4 Nc5 11. Nh4 Ne6 12. Nf5 c5 13. Qg4 g6 14.
Nxe7+ Qxe7 15. Qg3 Nd4 16. Bxd4 cxd4 17. f4 exf4 18.
Qxf4 Be6 19. e5 f5 20. Qxd4 Rad8 21. Qf2 Qb4 22. b3 Bd5 23. Rae1 Rfe8 24. h3 Qc3 25.
Nb1 Qb4 26. Qd2 Qd4+ 27. Qe3 Qb4 28. c4 Bf7 29. d4 c6 30. g4 Be6 31. gxf5 Bxf5 32.
Rxf5 gxf5 33. Qg5+ Kh8 34. Qf6+ Kg8 35. Kf2 Qxe1+ 36.
Kxe1 Rxd4 37. Qg5+ Kh8 38. Qf6+ Kg8 39. Nc3 Rd7 40.
Qg5+ Rg7 41. Qxf5 Rge7 42. Kd2 Rxe5 43. Qg4+ Kf7 44. Kc2 h5 45. Qf4+ Kg6 46. Kb2 R8e7 47. Ka3 a5 48. Nd1 Re4 49. Qf2 h4 50. Qg2+ Kh6 51.
Nf2 Re2 52. Ng4+ Kg5 53. Qf3 R2e6 54. Qf8 b6 55. Qg8+ Kf4 56. Nh2 Re2 57. Qg4+ Ke3 58. Qf3+ Kd2 59. Ng4 Kc1 60. Qc3+ Kb1 61. Qd3+ Kc1 62. c5 bxc5 63. Qc3+ Kb1 64. Qd3+ Rc2 65. Qd1+ Rc1 66. Qd3+ Rc2 67. Nf2 Re3 68. Qg6 c4 69.
Qg1+ Rc1 70. Qg6+ Rc2 71. Qg1+ Rc1 72. Qg6+ Ka1 73. Qg7+ Kb1 74. Qb2# 1-0

[Event "*** MasterClass Titled Tuesday Blitz"]
[Site "Chess.com"]
[Date "2017.10.03"]
[Round "6"]
[White "pKiLz5Rn9b"]
[Black "Cruel_Yaro"]
[Result "0-1"]
[WhiteElo "2547"]
[BlackElo "2700"]
[TimeControl "180+2"]
[EndTime "14:26:42 PDT"]
[Termination "Cruel_Yaro won by resignation"]

1. Nf3 a6 2. e4 c5 3. c3 e6 4. d4 d5 5. exd5 exd5 6. Bd3 cxd4 7. Nxd4 Nf6 8. O-O Be7 9. Nd2 O-O 10. Re1 Nc6 11.
N2f3 Bg4 12. h3 Bh5 13. Be3 Ne4 14. Nxc6 bxc6 15. Bxe4 dxe4 16. Qxd8 Rfxd8 17. Nd4 Rac8 18. Nf5 Bf8 19. Ng3 Bg6 20. Rad1 f5 21. Ne2 Bf7 22. b3 c5 23. c4 h6 24. Nc3 g5 25. Rxd8 Rxd8 26. Na4 Rc8 27. g3 Be6 28. Rd1 Kf7 29.
Nb6 Rb8 30. Na4 Rc8 31. h4 Be7 32. Nb6 Rb8 33. Nd7 Rc8 34. Nb6 Rc6 35. Nd5 Bxd5 36. Rxd5 Ke6 37. hxg5 hxg5 38. Kg2 a5 39. g4 f4 40. Bd2 a4 41. bxa4 Rb6 42. Bc3 Rb1 43.
Re5+ Kd7 44. Rxe4 Rc1 45. Be1 Rc2 46. a5 Rxa2 47. Kf1 Bf6 48. Re2 Ra1 49. Kg2 Bd4 50. Kf3 Ra4 51. Ke4 Ke6 52. Kd3+ Kd6 53. Rc2 Ke5 54. Ke2 Ra3 55. Bd2 Ke4 56. Rc1 Rh3 57.
Rf1 f3+ 58. Kd1 Kd3 59. Bxg5 Rh7 60. Be3 Rb7 61. Kc1 Bb2+ 62. Kb1 Bc3+ 63. Ka2 Ra7 64. Kb3 Rb7+ 65. Ka2 Kxc4 66. g5 Rb5 67. Bc1 Rxa5+ 68.
Ba3 Bb4 69. Rc1+ Kd3 70. Rd1+ Ke2 71. Rg1 Rxa3+ 72. Kb2 Ra7 73. g6 Rg7 0-1

[Event "*** MasterClass Titled Tuesday Blitz"]
[Site "Chess.com"]
[Date "2017.10.03"]
[Round "6"]
[White "dzhumagaliev"]
[Black "maciek_92"]
[Result "0-1"]
[WhiteElo "2587"]
[BlackElo "2539"]
[TimeControl "180+2"]
[EndTime "14:26:45 PDT"]
[Termination "maciek_92 won by checkmate"]

1. h4 Nf6 2. h5 e5 3. c3 c5 4. d3 h6 5. Nf3 Nc6 6. c4 d6 7. Nc3 Bg4 8. Qb3 Rb8 9. Nd5 Nxh5 10. Nd2 Nf6 11. Nxf6+ Qxf6 12. Ne4 Qd8 13. e3 Be6 14. Nc3 a6 15. Qa4 Qd7 16. g3 Nb4 17. Qd1 b5 18. a3 Nc6 19. b3 g6 20.
Bg2 Bg7 21. Bd2 Ne7 22. e4 Nc6 23. Nd5 Nd4 24. Rb1 h5 25. Be3 bxc4 26. Bxd4 Bxd5 27. exd5 cxd4 28. bxc4 O-O 29. O-O Rxb1 30. Qxb1 Qc7 31. Qc2 Rb8 32. Rb1 Rxb1+ 33. Qxb1 Bh6 34. Qb4 Kg7 35.
Bf3 f5 36. Kg2 Bg5 37. a4 Bd8 38. Kg1 Qb6 39. Qa3 Bc7 40. Kg2 a5 41. Qc1 Bd8 42. Qa3 Qb4 43. Qxb4 axb4 44. Bd1 Ba5 45. Bc2 Kf6 46.
Kh3 g5 47. f3 g4+ 48. Kg2 Ke7 49. Bb3 Kd7 50. Bc2 Kc7 51. Bb3 Kb6 52. Kf2 Ka6 53. Kg2 Bd8 54. Kf2 Bg5 55. Kg2 Be3 56. fxg4 hxg4 57.
Kf1 f4 58. Kg2 f3+ 59. Kf1 Ka5 60. Ke1 Bg5 61. Kf2 Kb6 62. Bc2 Kc5 63. Bb3 Bd8 64. Ke1 e4 65. dxe4 d3 66. e5 dxe5 67. Kf2 e4 68. Bd1 Bg5 69. a5 e3+ 70. Ke1 e2 71.
Bxe2 dxe2 72. a6 Kd4 73. Kf2 Be3+ 74. Ke1 Kd3 75. a7 f2# 0-1

[Event "*** MasterClass Titled Tuesday Blitz"]
[Site "Chess.com"]
[Date "2017.10.03"]
[Round "6"]
[White "Semetey"]
[Black "ChessQueen"]
[Result "0-1"]
[WhiteElo "2439"]
[BlackElo "2588"]
[TimeControl "180+2"]
[EndTime "14:26:55 PDT"]
[Termination "ChessQueen won by resignation"]

1. d4 Nf6 2. Bf4 b6 3. Nc3 Bb7 4. Nf3 e6 5. a3 c5 6. e3 Nc6 7. Nb5 Rc8 8. Nd6+ Bxd6 9. Bxd6 Ne4 10. dxc5 bxc5 11. Bf4 Qa5+ 12. c3 d5 13. Bd3 O-O 14. O-O Rfd8 15. Qc2 Ne7 16. Rfd1 Ng6 17. Bxe4 dxe4 18. Ne5 Nxf4 19. exf4 Qc7 20. Rxd8+ Rxd8 21. Rd1 f6 22. Rxd8+ Qxd8 23. Nc4 Ba6 24. Ne3 Qd6 25. g3 Bd3 26. Qa4 Qe7 27. Qc6 h5 28. h4 Kh7 29. b4 cxb4 30. cxb4 a5 31. Qb6 axb4 32. axb4 Qd7 33. Qc5 f5 34. Kg2 Be2 35. Qc3 Bf3+ 36. Kh2 Qa4 37. Qe1 Qb5 38. Nc2 e5 39. fxe5 Qxe5 40.
Qe3 Qb2 41. Qd2 Qb1 42. Ne1 Bg4 43. Ng2 Qf1 44. Qe1 Qb5 45. Ne3 Bf3 46. Qb1 f4 47. gxf4 Qb8 48. Kg3 Qb6 49. Qb2 Qg6+ 50. Kh2 Qd6 51. Kg3 Qg6+ 52. Kh2 Qf7 53. Qe5 Qa2 54. Kg3 Qb1 55. Qf5+ Kh8 56. Qf8+ Kh7 57. Qf5+ Kg8 58. Qc8+ Kf7 59. Qc4+ Kg6 60. f5+ Kh7 61. Nf1 Qb2 62. Qc5 Qb1 63. Qc4 Qa1 64. Kf4 Qf6 65.
Ng3 Qxh4+ 66. Ke3 Qg5+ 67. Kd4 h4 68. Nxe4 Qf4 69. Kd3 Qxf5 70. b5 h3 71. Ke3 Bxe4 72. b6 Qf3+ 73. Kd4 h2 74. b7 Bxb7 75. Qf7 Qxf7 0-1

[Event "*** MasterClass Titled Tuesday Blitz"]
[Site "Chess.com"]
[Date "2017.10.03"]
[Round "6"]
[White "GeorgMeier"]
[Black "severomorskij"]
[Result "1/2-1/2"]
[WhiteElo "2785"]
[BlackElo "2685"]
[TimeControl "180+2"]
[EndTime "14:27:34 PDT"]
[Termination "Game drawn by repetition"]

1. Nf3 Nf6 2. g3 d5 3. Bg2 c5 4.
O-O e6 5. b3 Nc6 6. Bb2 Be7 7. d4 O-O 8. Nbd2 b6 9. c4 Bb7 10. Rc1 Rc8 11. e3 cxd4 12. Nxd4 Nxd4 13. Bxd4 Qd7 14. Nf3 Rfd8 15. Ne5 Qe8 16. Qe2 h6 17. Rfd1 Ba3 18. Rc2 Qe7 19. h4 dxc4 20. Nxc4 Bxg2 21.
Kxg2 Bc5 22. Bxf6 Qxf6 23. Rcd2 Rxd2 24. Rxd2 b5 25. Nd6 Bxd6 26. Rxd6 Qe5 27. Qd3 a5 28.
Ra6 b4 29. Qd7 Qe4+ 30. Kh2 Rc2 31. Qe8+ Kh7 32. Qxf7 Qxe3 33. Kg2 Qe4+ 34. Qf3 Qxf3+ 35. Kxf3 Rxa2 36. Rxe6 Ra3 37. Re3 a4 38. bxa4 b3 39.
Kg2 b2 40. Rxa3 b1=Q 41. Re3 Qb7+ 42. Kg1 Qa6 43. Re4 Qd3 44. Rf4 Kg6 45. Kg2 Qd5+ 46.
Kg1 Kh5 47. Kh2 g5 48. hxg5 hxg5 49. Rf8 Kg4 50. f3+ Kh5 51. g4+ Kg6 52. Rf5 Qa2+ 53.
Kg3 Qxa4 54. Kg2 Qa2+ 55. Kg3 Qb1 56. Kg2 Qc2+ 57. Kg3 Qd1 58. Kg2 Qe2+ 59. Kg3 Qf1 60. Kh2 Qf2+ 61. Kh3 Qg1 62. Rf8 Qf1+ 63. Kh2 Qe2+ 64.
Kh3 Qe1 65. Rf5 Qh1+ 66. Kg3 Qg1+ 67. Kh3 Qf2 68. Rf8 Qf1+ 69. Kg3 Qe2 70. Rf5 Qe1+ 71. Kh3 Qd2 72. Kg3 Qc1 73. Kh3 Qe1 74. Kg2 Qe2+ 75. Kg3 Qf1 76. Kh2 Qf2+ 77. Kh3 Qg1 78. Rf8 Qh1+ 79. Kg3 Qh4+ 80. Kg2 Qe1 81. Rf5 Qa1 82.
Kh3 Qa8 83. Kg2 Qa2+ 84. Kh3 Qe2 85. Kg3 Qe1+ 86. Kh3 Qg1 87. Rf8 Kg7 88. Rf5 Qe3 89. Kg2 Qd2+ 90. Kh3 Qc1 91. Kg2 Qd2+ 92. Kh3 Qe3 93.
Kg2 Qe2+ 94. Kg3 Qe1+ 95. Kg2 Kg6 96. Kh3 1/2-1/2

[Event "*** MasterClass Titled Tuesday Blitz"]
[Site "Chess.com"]
[Date "2017.10.03"]
[Round "6"]
[White "Mistheoretical"]
[Black "Bad4life"]
[Result "0-1"]
[WhiteElo "2190"]
[BlackElo "2199"]
[TimeControl "180+2"]
[EndTime "14:27:57 PDT"]
[Termination "Bad4life won by checkmate"]

1. d4 Nf6 2. Bg5 Ne4 3. Bf4 c5 4. f3 Qa5+ 5. c3 Nf6 6. Nd2 e6 7. Nb3 Qb6 8. dxc5 Bxc5 9. Nxc5 Qxc5 10. Bd6 Qd5 11. e4 Qxd1+ 12. Rxd1 Nc6 13. Bb5 Nd8 14.
Ne2 a6 15. Ba4 b5 16. Bb3 Nb7 17. Ba3 a5 18. O-O a4 19. Bc2 Na5 20. Bd3 Ba6 21. Nd4 Nc4 22. Bxc4 bxc4 23. Rd2 O-O-O 24. Be7 Rde8 25.
Bxf6 gxf6 26. Nc2 Rhg8 27. Rfd1 Re7 28. Kf2 Kc7 29. g3 h5 30. Ke3 Rb8 31. Nb4 Bb5 32. a3 Rg8 33. Rd6 h4 34. g4 h3 35. Kf2 Rg7 36.
R1d2 Rg5 37. R6d4 f5 38. exf5 d5 39. fxe6 fxe6 40. Kg3 Kd6 41. Re2 Rg6 42. f4 Reg7 43. g5 Bd7 44. Re5 Rh7 45. Kg4 Kc5 46. Kg3 Rg8 47. Nxd5 exd5 48. Rexd5+ Kc6 49. Re5 Re8 50. Rxc4+ Kd6 51. Rd4+ Kc7 52. Rc5+ Kb6 53. Rcd5 Re3+ 54. Kf2 Ree7 55. Rd6+ Kc7 56. R6d5 Bc6 57. Rc5 Kb6 58. Rcc4 Bb5 59. Rb4 Re2+ 60. Kg3 Kc5 61. Re4 Rg2+ 62.
Kf3 Bc6 63. Rc4+ Kb6 64. Rb4+ Kc5 65. Rc4+ Kd6 66. Rd4+ Kc7 67. Rc4 Kb7 68. Rb4+ Ka7 69. Rxa4+ Bxa4 70. Rxa4+ Kb6 71. Rb4+ Kc5 72. Ke4 Rxh2 73.
g6 Re7+ 74. Kf5 Rg2 75. Kf6 Rd7 76. f5 h2 77. Rh4 Rxb2 78. a4 Rg2 79. Ke6 Rd6+ 80.
Kf7 Rf2 81. Rh5 Kc4 82. g7 Rxf5+ 83. Rxf5 Rd7+ 84. Ke6 h1=Q 85. Kxd7 Qb7+ 86. Ke6 Qxg7 87. Rf4+ Kxc3 88. Kf5 Kd3 89. Rg4 Qd7+ 90. Kg5 Ke3 91. Kh4 Kf3 92. Rg3+ Kf4 93. Rg1 Qh7# 0-1

[Event "*** MasterClass Titled Tuesday Blitz"]
[Site "Chess.com"]
[Date "2017.10.03"]
[Round "7"]
[White "Masterbeaterr"]
[Black "bilelou"]
[Result "0-1"]
[WhiteElo "2276"]
[BlackElo "2422"]
[TimeControl "180+2"]
[EndTime "14:32:07 PDT"]
[Termination "bilelou won by resignation"]

1. Nf3 e6 2. g3 d5 3. Bg2 Nf6 4. O-O Be7 5. d3 O-O 6. Nbd2 b5 7. Re1 Bb7 8. d4 Nbd7 9. c3 c5 10. Qb3 Qb6 11. Nf1 a5 12. a3 b4 13. axb4 axb4 14. Rxa8 Rxa8 15. cxb4 c4 16. Qc2 Bxb4 17. Bd2 Bc6 18.
Bxb4 Qxb4 19. Ne5 Nxe5 20. dxe5 Qxe1 21. exf6 gxf6 22. e4 Ra1 0-1